BSA
FRESNO DEPLORABLES @ GREENVILLE 84S
10/19/2027
 
TOP OF THE 1ST
Fresno Deplorables batting - Pitching for Greenville 84s : RHP Andrés Vázquez
Pitching: RHP Andrés Vázquez
Batting: RHB Dani Vázquez 0-0: Called Strike
0-1: Foul Ball, location: 2F
0-2: Foul Ball, location: 2F
0-2: Ball
1-2: Strikes out swinging
Batting: LHB Paul Mullins 0-0: Ball
1-0: Ball
2-0: Ball
3-0: Called Strike
3-1: Foul Ball, location: 2F
3-2: Foul Ball, location: 2F
3-2: Base on Balls
Batting: LHB Jeff Daniels 0-0: Ball
1-0: Called Strike
1-1: Called Strike
1-2: Foul Ball, location: 2F
1-2: Ball
2-2: Foul Ball, location: 2F
2-2: Ball
3-2: Strikes out swinging
Batting: LHB Troy Donaldson 0-0: SINGLE (Line Drive, 4MD)
Paul Mullins to second
Batting: RHB Paco Arellano 0-0: Swinging Strike
0-1: Ball
1-1: Ball
2-1: Foul Ball, location: 2F
2-2: Strikes out swinging
Top of the 1st over - 0 run(s), 1 hit(s), 0 error(s), 2 left on base; Fresno 0 - Greenville 0
BOTTOM OF THE 1ST
Greenville 84s batting - Pitching for Fresno Deplorables : LHP Allan Bader
Pitching: LHP Allan Bader
Batting: RHB Carlos Torres 0-0: Ball
1-0: Ball
2-0: Swinging Strike
2-1: Foul Ball, location: 2F
2-2: Foul Ball, location: 2F
2-2: Ball
3-2: Base on Balls
Batting: RHB Owen Carter 0-0: Grounds into double play, 4-6-3 (Groundball, 4)
Batting: LHB Paco Rosas 0-0: Ball
1-0: Swinging Strike
1-1: Ball
2-1: Ball
3-1: Base on Balls
Batting: LHB Brock Larsen 0-0: Foul Ball, location: 2F
0-1: Fly out, F4 (Popup, 34)
Bottom of the 1st over - 0 run(s), 0 hit(s), 0 error(s), 1 left on base; Fresno 0 - Greenville 0
TOP OF THE 2ND
Fresno Deplorables batting - Pitching for Greenville 84s : RHP Andrés Vázquez
Batting: RHB Manolo Román 0-0: Called Strike
0-1: Ball
1-1: Bunt for hit - play at first, batter safe!
Batting: LHB Keith Beard 0-0: Called Strike
0-1: Ball
1-1: Called Strike
Manolo Román is caught stealing 2nd base
1-2: Ball
2-2: Foul Ball, location: 2F
2-2: SINGLE (Groundball, 56D)
Batting: RHB Aaron Scott 0-0: Ball
Keith Beard steals 2nd base
1-0: Foul Ball, location: 2F
1-1: Called Strike
1-2: Foul Ball, location: 2F
1-2: Foul Ball, location: 2F
1-2: Ball
2-2: Fly out, F4 (Line Drive, 4)
Batting: RHB Germán Rosales 0-0: Ball
1-0: Called Strike
1-1: Ground out 4-3 (Groundball, 4)
Top of the 2nd over - 0 run(s), 2 hit(s), 0 error(s), 1 left on base; Fresno 0 - Greenville 0
BOTTOM OF THE 2ND
Greenville 84s batting - Pitching for Fresno Deplorables : LHP Allan Bader
Batting: RHB Vic Langlois 0-0: Ball
1-0: Ball
2-0: Foul Ball, location: 2F
2-1: Ball
3-1: Base on Balls
Batting: LHB Chris Moore 0-0: Called Strike
0-1: Foul Ball, location: 2F
0-2: Ball
1-2: Foul Ball, location: 2F
1-2: Foul Ball, location: 2F
1-2: Strikes out swinging
Batting: LHB Jimmy Vickers 0-0: Ball
1-0: Ball
2-0: SINGLE (Line Drive, 5D)
Vic Langlois to second
Batting: RHB Robert Buckley 0-0: Foul Ball, location: 2F
0-1: Grounds into double play, 6-4-3 (Groundball, 56)
Bottom of the 2nd over - 0 run(s), 1 hit(s), 0 error(s), 1 left on base; Fresno 0 - Greenville 0
TOP OF THE 3RD
Fresno Deplorables batting - Pitching for Greenville 84s : RHP Andrés Vázquez
Batting: RHB Dani Vázquez 0-0: Ball
1-0: Called Strike
1-1: Swinging Strike
1-2: Foul Ball, location: 2F
1-2: Ball
2-2: Foul Ball, location: 2F
2-2: Foul Ball, location: 2F
2-2: Ground out 5-3 (Groundball, 56)
Batting: LHB Paul Mullins 0-0: Ball
1-0: Called Strike
1-1: Ball
2-1: Foul Ball, location: 2F
2-2: Ball
3-2: Ground out 4-3 (Groundball, 4)
Batting: LHB Jeff Daniels 0-0: Called Strike
0-1: Ball
1-1: Fly out, F9 (Flyball, 89S)
Top of the 3rd over - 0 run(s), 0 hit(s), 0 error(s), 0 left on base; Fresno 0 - Greenville 0
BOTTOM OF THE 3RD
Greenville 84s batting - Pitching for Fresno Deplorables : LHP Allan Bader
Batting: LHB Robert Moore 0-0: Swinging Strike
0-1: Ball
1-1: Ball
2-1: Ball
3-1: Ground out 6-3 (Groundball, 6M)
Batting: RHB Carlos Torres 0-0: Foul Ball, location: 2F
0-1: Swinging Strike
0-2: Ball
1-2: Ball
2-2: Ball
3-2: Base on Balls
Batting: RHB Owen Carter 0-0: Ball
Carlos Torres is caught stealing 2nd base
1-0: Foul Ball, location: 2F
1-1: Swinging Strike
1-2: Strikes out swinging
Bottom of the 3rd over - 0 run(s), 0 hit(s), 0 error(s), 0 left on base; Fresno 0 - Greenville 0
TOP OF THE 4TH
Fresno Deplorables batting - Pitching for Greenville 84s : RHP Andrés Vázquez
Batting: LHB Troy Donaldson 0-0: Ball
1-0: Ball
2-0: Fly out, F7 (Flyball, 7S)
Batting: RHB Paco Arellano 0-0: Ball
1-0: Ball
2-0: Called Strike
2-1: Ball
3-1: SINGLE (Groundball, 34D)
Batting: RHB Manolo Román 0-0: Ball
1-0: Swinging Strike
1-1: Ball
2-1: Foul Ball, location: 2F
2-2: SINGLE (Line Drive, 8LS)
Paco Arellano to second
Batting: LHB Keith Beard 0-0: Foul Ball, location: 2F
0-1: Ball
1-1: Grounds into double play, 4-6-3 (Groundball, 4)
Top of the 4th over - 0 run(s), 2 hit(s), 0 error(s), 1 left on base; Fresno 0 - Greenville 0
BOTTOM OF THE 4TH
Greenville 84s batting - Pitching for Fresno Deplorables : LHP Allan Bader
Batting: LHB Paco Rosas 0-0: Called Strike
0-1: Ball
1-1: Ball
2-1: Ground out 3-1 (Groundball, 34)
Batting: LHB Brock Larsen 0-0: Foul Ball, location: 2F
0-1: Ball
1-1: Fly out, F8 (Flyball, 8RD)
Batting: RHB Vic Langlois 0-0: Ball
1-0: Ball
2-0: Called Strike
2-1: Swinging Strike
2-2: Foul Ball, location: 2F
2-2: Ball
3-2: Fly out, F8 (Flyball, 8RD)
Bottom of the 4th over - 0 run(s), 0 hit(s), 0 error(s), 0 left on base; Fresno 0 - Greenville 0
TOP OF THE 5TH
Fresno Deplorables batting - Pitching for Greenville 84s : RHP Andrés Vázquez
Batting: RHB Aaron Scott 0-0: Ball
1-0: Ball
2-0: Swinging Strike
2-1: Swinging Strike
2-2: Foul Ball, location: 2F
2-2: TRIPLE (Groundball, 5L)
Batting: RHB Germán Rosales 0-0: Foul Ball, location: 2F
0-1: DOUBLE (Flyball, 7LD)
Aaron Scott scores
Pitching: RHP Tomás González
Batting: RHB Dani Vázquez 0-0: Called Strike
0-1: Ball
1-1: Ball
2-1: Foul Ball, location: 2F
2-2: Ground out U3 (Groundball, 3)
Germán Rosales to third
Batting: LHB Paul Mullins 0-0: Ball
1-0: Swinging Strike
1-1: Ball
2-1: Fly out, F7 (Flyball, 7LS)
Batting: LHB Jeff Daniels 0-0: Called Strike
0-1: Called Strike
0-2: Foul Ball, location: 2F
0-2: Ball
1-2: Ball
2-2: Ball
3-2: Strikes out swinging
Top of the 5th over - 1 run(s), 2 hit(s), 0 error(s), 1 left on base; Fresno 1 - Greenville 0
BOTTOM OF THE 5TH
Greenville 84s batting - Pitching for Fresno Deplorables : LHP Allan Bader
Batting: LHB Chris Moore 0-0: Called Strike
0-1: Swinging Strike
0-2: Ball
1-2: Ball
2-2: Foul Ball, location: 2F
2-2: Ball
3-2: Strikes out swinging
Batting: LHB Jimmy Vickers 0-0: Foul Ball, location: 2F
0-1: Ball
1-1: Ball
2-1: Foul Ball, location: 2F
2-2: Strikes out swinging
Batting: RHB Robert Buckley 0-0: Ball
1-0: Ball
2-0: Ball
3-0: Called Strike
3-1: Reached on error, E1 (Groundball, 13)
Batting: LHB Robert Moore 0-0: Ball
Balk!
Robert Buckley to third
1-0: Ball
2-0: Ball
3-0: Called Strike
3-1: Foul Ball, location: 2F
3-2: SINGLE (Line Drive, 9S)
Robert Buckley scores
Batting: RHB Carlos Torres 0-0: Fielders Choice at 2nd, 6-4 (Groundball, 6)
Bottom of the 5th over - 1 run(s), 1 hit(s), 1 error(s), 0 left on base; Fresno 1 - Greenville 1
TOP OF THE 6TH
Fresno Deplorables batting - Pitching for Greenville 84s : RHP Tomás González
Batting: LHB Troy Donaldson 0-0: Called Strike
0-1: Ball
1-1: Foul Ball, location: 2F
1-2: Foul Ball, location: 2F
1-2: Foul Ball, location: 2F
1-2: Strikes out looking
Batting: RHB Paco Arellano 0-0: Called Strike
0-1: Ball
1-1: Swinging Strike
1-2: Ball
2-2: Ball
3-2: Strikes out looking
Batting: RHB Manolo Román 0-0: Foul Ball, location: 2F
0-1: SINGLE (Line Drive, 78S)
Batting: LHB Keith Beard 0-0: Called Strike
0-1: Foul Ball, location: 2F
0-2: Fielders Choice at 2nd, 6-4 (Groundball, 6)
Top of the 6th over - 0 run(s), 1 hit(s), 0 error(s), 0 left on base; Fresno 1 - Greenville 1
BOTTOM OF THE 6TH
Greenville 84s batting - Pitching for Fresno Deplorables : LHP Allan Bader
Pitching: RHP José Rivera
Batting: RHB Owen Carter 0-0: Fly out, F7 (Flyball, 7)
Batting: LHB Paco Rosas 0-0: Swinging Strike
0-1: Ball
1-1: Called Strike
1-2: SOLO HOME RUN (Flyball, 89XD), Distance : 380 ft
Batting: LHB Brock Larsen 0-0: Ball
1-0: Ball
2-0: Ball
3-0: Ground out 4-3 (Groundball, 34)
Batting: RHB Vic Langlois 0-0: Ball
1-0: Ball
2-0: Called Strike
2-1: SOLO HOME RUN (Flyball, 78XD), Distance : 399 ft
Batting: LHB Chris Moore 0-0: Ball
1-0: Ball
2-0: Reached via error on a dropped throw, E1
Batting: LHB Jimmy Vickers 0-0: Fly out, F8 (Flyball, 8LD)
Bottom of the 6th over - 2 run(s), 2 hit(s), 1 error(s), 1 left on base; Fresno 1 - Greenville 3
TOP OF THE 7TH
Fresno Deplorables batting - Pitching for Greenville 84s : RHP Tomás González
Batting: RHB Aaron Scott 0-0: SINGLE (Line Drive, 4D)
Batting: RHB Germán Rosales 0-0: Bunted foul
0-1: Bunted foul
0-2: Ground out 5-3 (Groundball, 56S)
Aaron Scott to second
Batting: RHB Dani Vázquez 0-0: Ball
1-0: Ball
2-0: Ball
3-0: Base on Balls
Pitching: LHP Eduardo Trujillo
Pinch Hitting: RHB Lawrence Yates 0-0: Grounds into double play, U5-3 (Groundball, 5L)
Top of the 7th over - 0 run(s), 1 hit(s), 0 error(s), 1 left on base; Fresno 1 - Greenville 3
BOTTOM OF THE 7TH
Greenville 84s batting - Pitching for Fresno Deplorables : RHP José Rivera
Now in CF: Lawrence Yates
Batting: RHB Robert Buckley 0-0: Foul Ball, location: 2F
0-1: Ball
1-1: Fly out, F9 (Flyball, 9S)
Batting: LHB Robert Moore 0-0: Ball
1-0: Ball
2-0: SINGLE (Line Drive, 4MD)
Batting: RHB Carlos Torres 0-0: Ball
1-0: Foul Ball, location: 2F
1-1: Fly out, F4 (Line Drive, 4MD)
Batting: RHB Owen Carter 0-0: Ball
1-0: Ball
2-0: SINGLE (Groundball, 34) (infield hit)
Robert Moore to second
Pitching: LHP Rubén Martínez
Batting: LHB Paco Rosas 0-0: Called Strike
0-1: Foul Ball, location: 2F
0-2: Foul Ball, location: 2F
0-2: Foul Ball, location: 2F
0-2: Foul Ball, location: 2F
0-2: Ball
1-2: Ball
2-2: Foul Ball, location: 2F
2-2: Ground out 4-3 (Groundball, 4MS)
Bottom of the 7th over - 0 run(s), 2 hit(s), 0 error(s), 2 left on base; Fresno 1 - Greenville 3
TOP OF THE 8TH
Fresno Deplorables batting - Pitching for Greenville 84s : LHP Eduardo Trujillo
Batting: LHB Jeff Daniels 0-0: Ball
1-0: Ball
2-0: Ground out 3-1 (Groundball, 34)
Pitching: RHP Paco Ruíz
Batting: LHB Troy Donaldson 0-0: SINGLE (Groundball, 4D)
Pitching: RHP Robinson Gonzáles
Batting: RHB Paco Arellano 0-0: Ball
1-0: Ball
2-0: Swinging Strike
2-1: Swinging Strike
2-2: Strikes out swinging
Batting: RHB Manolo Román 0-0: Foul Ball, location: 2F
0-1: Ball
1-1: Ball
2-1: Foul Ball, location: 2F
2-2: 2-RUN HOME RUN (Flyball, 8LXD), Distance : 445 ft
Batting: LHB Keith Beard 0-0: Ball
1-0: Foul Ball, location: 2F
1-1: Swinging Strike
1-2: Fly out, F9 (Line Drive, 9)
Top of the 8th over - 2 run(s), 2 hit(s), 0 error(s), 0 left on base; Fresno 3 - Greenville 3
BOTTOM OF THE 8TH
Greenville 84s batting - Pitching for Fresno Deplorables : LHP Rubén Martínez
Pitching: RHP César Menéndez
Batting: LHB Brock Larsen 0-0: Ball
1-0: Ball
2-0: SINGLE (Line Drive, 9S)
Batting: RHB Vic Langlois 0-0: Ball
Wild Pitch!
Brock Larsen to second
1-0: Ground out 5-3 (Groundball, 56)
Batting: LHB Chris Moore 0-0: Ball
1-0: Ball
2-0: Foul Ball, location: 2F
2-1: Foul Ball, location: 2F
2-2: Foul Ball, location: 2F
2-2: Foul Ball, location: 2F
2-2: Strikes out swinging
Batting: LHB Jimmy Vickers 0-0: Intentional Walk
Batting: RHB Robert Buckley 0-0: Ball
1-0: Ball
2-0: Foul Ball, location: 2F
2-1: Swinging Strike
2-2: Ball
3-2: Strikes out swinging
Bottom of the 8th over - 0 run(s), 1 hit(s), 0 error(s), 2 left on base; Fresno 3 - Greenville 3
TOP OF THE 9TH
Fresno Deplorables batting - Pitching for Greenville 84s : RHP Robinson Gonzáles
Pitching: LHP Francisco Ríos
Batting: RHB Aaron Scott 0-0: Ground out 4-3 (Groundball, 4)
Batting: RHB Germán Rosales 0-0: Called Strike
0-1: Ball
1-1: Ball
2-1: Foul Ball, location: 2F
2-2: Foul Ball, location: 2F
2-2: Ball
3-2: Base on Balls
Pinch Runner at 1st John Cotton:
Batting: RHB Dani Vázquez 0-0: Ball
1-0: Ball
2-0: Called Strike
2-1: Ball
3-1: Base on Balls
John Cotton to second
Batting: RHB Lawrence Yates 0-0: Called Strike
0-1: Ball
1-1: Foul Ball, location: 2F
1-2: Strikes out looking
Batting: LHB Jeff Daniels 0-0: Ball
1-0: Called Strike
1-1: Swinging Strike
1-2: Foul Ball, location: 2F
1-2: Strikes out looking
Top of the 9th over - 0 run(s), 0 hit(s), 0 error(s), 2 left on base; Fresno 3 - Greenville 3
BOTTOM OF THE 9TH
Greenville 84s batting - Pitching for Fresno Deplorables : RHP César Menéndez
Pitching: LHP Valentín Reséndez
Now at C: Teddy Bates
Batting: LHB Robert Moore 0-0: Called Strike
0-1: Swinging Strike
0-2: Strikes out swinging
Batting: RHB Carlos Torres 0-0: Called Strike
0-1: Fly out, F7 (Flyball, 7D)
Batting: RHB Owen Carter 0-0: Ball
1-0: Ball
2-0: Foul Ball, location: 2F
2-1: Ball
3-1: Base on Balls
Batting: LHB Paco Rosas 0-0: Ball
1-0: Ball
2-0: Foul Ball, location: 2F
2-1: Ball
3-1: Called Strike
3-2: Strikes out swinging
Bottom of the 9th over - 0 run(s), 0 hit(s), 0 error(s), 1 left on base; Fresno 3 - Greenville 3
TOP OF THE 10TH
Fresno Deplorables batting - Pitching for Greenville 84s : LHP Francisco Ríos
Pitching: LHP Manuel Herrera
Batting: LHB Troy Donaldson 0-0: Fly out, F8 (Flyball, 8LM)
Batting: RHB Paco Arellano 0-0: Called Strike
0-1: Called Strike
0-2: Strikes out swinging
Batting: RHB Manolo Román 0-0: Ball
1-0: Swinging Strike
1-1: Swinging Strike
1-2: Ball
2-2: Fly out, F4 (Popup, 3D)
Top of the 10th over - 0 run(s), 0 hit(s), 0 error(s), 0 left on base; Fresno 3 - Greenville 3
BOTTOM OF THE 10TH
Greenville 84s batting - Pitching for Fresno Deplorables : LHP Valentín Reséndez
Batting: LHB Brock Larsen 0-0: Ball
1-0: Called Strike
1-1: Foul Ball, location: 2F
1-2: Ball
2-2: Fly out, F9 (Flyball, 9LMF)
Batting: RHB Vic Langlois 0-0: Foul Ball, location: 2F
0-1: Called Strike
0-2: Ball
1-2: Ball
2-2: Ground out U3 (Groundball, 34)
Batting: LHB Chris Moore 0-0: Called Strike
0-1: Ball
1-1: Fly out, F7 (Flyball, 7S)
Bottom of the 10th over - 0 run(s), 0 hit(s), 0 error(s), 0 left on base; Fresno 3 - Greenville 3
TOP OF THE 11TH
Fresno Deplorables batting - Pitching for Greenville 84s : LHP Manuel Herrera
Batting: LHB Keith Beard 0-0: Called Strike
0-1: Ball
1-1: Ball
2-1: Swinging Strike
2-2: Ball
3-2: DOUBLE (Flyball, 89M)
Batting: RHB Aaron Scott 0-0: Intentional Walk
Batting: RHB Teddy Bates 0-0: Called Strike
0-1: Ball
1-1: Swinging Strike
1-2: Foul Ball, location: 2F
1-2: Foul Ball, location: 2F
1-2: Ball
2-2: Strikes out looking
Batting: RHB Dani Vázquez 0-0: Ball
1-0: Ball
2-0: Ball
3-0: Called Strike
3-1: Called Strike
3-2: Foul Ball, location: 2F
3-2: SINGLE (Line Drive, 34D)
Keith Beard to third
Aaron Scott to second
Runner from 3rd tries for Home, SAFE, throw made home
Batting: RHB Lawrence Yates 0-0: Ball
1-0: Ball
2-0: Ball
3-0: Base on Balls
Aaron Scott to third
Dani Vázquez to second
Batting: LHB Jeff Daniels 0-0: Called Strike
0-1: Ball
1-1: Ball
2-1: Called Strike
2-2: Foul Ball, location: 2F
2-2: Grounds into fielders choice 4-2 (Groundball, 34)
Dani Vázquez to third
Lawrence Yates to second
Batting: LHB Troy Donaldson 0-0: Called Strike
0-1: SINGLE (Line Drive, 89S)
Dani Vázquez scores
Lawrence Yates to third
Jeff Daniels to second
Runner from 3rd tries for Home, SAFE, no throw
Pitching: RHP Fernand Picard
Batting: RHB Paco Arellano 0-0: Ball
1-0: Swinging Strike
1-1: Called Strike
1-2: Ball
2-2: Strikes out looking
Top of the 11th over - 3 run(s), 3 hit(s), 0 error(s), 2 left on base; Fresno 6 - Greenville 3
BOTTOM OF THE 11TH
Greenville 84s batting - Pitching for Fresno Deplorables : LHP Valentín Reséndez
Pitching: RHP Butch Ramey
Batting: LHB Jimmy Vickers 0-0: Ground out 4-3 (Groundball, 34D)
Batting: RHB Robert Buckley 0-0: Ball
1-0: Ground out 4-3 (Groundball, 4)
Batting: LHB Robert Moore 0-0: Swinging Strike
0-1: Called Strike
0-2: Ball
1-2: DOUBLE (Groundball, 3L)
Batting: RHB Carlos Torres 0-0: Called Strike
0-1: Foul Ball, location: 2F
0-2: Ball
1-2: SINGLE (Line Drive, 4MD)
Robert Moore to third
Batting: RHB Owen Carter 0-0: Ball
1-0: Ball
2-0: Fly out, F6 (Popup, 6)
Bottom of the 11th over - 0 run(s), 2 hit(s), 0 error(s), 2 left on base; Fresno 6 - Greenville 3
Thursday, March 30th, 2017 - OOTP Baseball 17.12 Build 75